 Dungeon Crawl Stone Soup version 0.28.0-53-g5a82cb258f (webtiles) character file.

Game seed: 7439396664451741705

505 Acheron the Gusty (level 6, -1/48 HPs)
             Began as a Demigod Wanderer on July 15, 2022.
             Killed from afar by a steam dragon (17 damage)
             ... with a ball of steam
             ... on level 7 of the Dungeon.
             The game lasted 00:27:06 (5980 turns).

Acheron the Gusty (Demigod Wanderer)                Turns: 5980, Time: 00:27:06

Health: -1/48      AC: 10    Str: 16    XL:     6   Next: 64%
Magic:  6/12       EV: 12    Int: 18    God:
Gold:   228        SH:  0    Dex: 15    Spells: 1/9 levels left

rFire   . . .      SeeInvis .   k - +0 short sword
rCold   + . .      Faith    .   (no shield)
rNeg    + + +      Spirit   .   f - +3 leather armour of the Flute {rN+++ Str-3 Int+4}
rPois   .          Reflect  .   (no helmet)
rElec   .          Harm     .   (no cloak)
rCorr   .          Rampage  .   (no gloves)
Will    .....                   (no boots)
Stlth   ++........              (no amulet)
HPRegen 0.16/turn               h - ring of protection from cold
MPRegen 0.13/turn               a - +4 ring of protection

@: no status effects
A: high MP 1, forlorn, divine attributes
a: no special abilities


You were on level 7 of the Dungeon.
You visited 1 branch of the dungeon, and saw 8 of its levels.

You collected 228 gold pieces.

Inventory:

Hand Weapons
 k - a +0 short sword (weapon)
 p - a +0 flail
Missiles
 e - 2 boomerangs (quivered)
 g - 41 stones
 q - 2 poisoned darts
Armour
 f - the +3 leather armour of the Flute (worn) {rN+++ Str-3 Int+4}
   (You found it on level 2 of the Dungeon)

   Str:       It affects your strength (-3).
   Int:       It affects your intelligence (+4).
   rN:        It renders you almost immune to negative energy.
 i - a +0 ring mail
Jewellery
 a - a +4 ring of protection (right hand)
 h - a ring of protection from cold (left hand)
Potions
 c - a potion of heal wounds {unknown}
 d - 3 potions of curing
 j - a potion of brilliance {unknown}
 m - a potion of lignification
 n - 2 potions of ambrosia
 o - a potion of invisibility
Miscellaneous
 b - a piece from Xom's chessboard (15/15)


   Skills:
 * Level 1.9 Fighting
 * Level 1.9 Short Blades
 * Level 2.0 Throwing
 * Level 1.6 Armour
 * Level 1.9 Dodging
 * Level 1.6 Stealth
 * Level 2.1 Spellcasting
 * Level 1.9 Conjurations
 * Level 0.8 Necromancy
 * Level 4.3 Air Magic
 + Level 3.0 Evocations


You had one spell level left.
You knew the following spells:

 Your Spells              Type           Power      Damage    Failure   Level
a - Shock                 Conj/Air       52%        1d6       6%          1
b - Static Discharge      Conj/Air       13%        N/A       9%          2
c - Freeze                Ice            4%         1d3       22%         1
d - Animate Skeleton      Necr           10%        N/A       16%         1
e - Magic Dart            Conj           32%        1d4       10%         1
f - Searing Ray           Conj           16%        2d5       16%         2

Your spell library contained the following spells:

 Spells                   Type           Power      Damage    Failure   Level
 Corpse Rot               Necr/Air       22%        N/A       12%         2
 Sublimation of Blood     Necr           5%         N/A       24%         2
 Conjure Flame            Conj/Fire      5%         6-21      41%         3
 Frozen Ramparts          Ice            2%         1d2       54%         3
 Ignite Poison            Fire/Tmut/Pois 1%         N/A       54%         3
 Portal Projectile        Hex/Tloc       2%         N/A       54%         3
 Teleport Other           Tloc           1%         N/A       54%         3
 Dispel Undead            Necr           5%         3d7       83%         4
 Fulminant Prism          Conj/Hex       2%         3d6       83%         4
 Hailstorm                Conj/Ice       5%         3d4       83%         4
 Sticky Flame             Conj/Fire      5%         2d3       83%         4
 Ice Form                 Ice/Tmut       1%         N/A       91%         4
 Summon Ice Beast         Ice/Summ       1%         N/A       91%         4
 Death Channel            Necr           2%         N/A       100%        6
 Haunt                    Necr/Summ      1%         N/A       100%        7


Dungeon Overview and Level Annotations

Branches:
Dungeon (8/15)
 Temple: D:4-7         Lair: D:8-11

Annotations:
D:7 exclusion: upstairs


Innate Abilities, Weirdness & Mutations

You have an increased reservoir of magic. (+10% MP)
You shall have no god before yourself.
Your divine heritage dramatically boosts your attributes as you level up.


Message History

Casting: Shock (safe; 6% risk of failure)
Confirm with . or Enter, or press ? or * to list all spells.
Aiming: Shock (safe; 6% risk of failure)
Press: ? - help, Shift-Dir - straight line, f/p - bullfrog
Aim: a bullfrog (heavily wounded, 60% to hit)
The zap hits the bullfrog.
The bullfrog is severely wounded.
The bullfrog barely misses you.
The bullfrog hits you but does no damage.
Casting: Shock (safe; 6% risk of failure)
Confirm with . or Enter, or press ? or * to list all spells.
Aiming: Shock (safe; 6% risk of failure)
Press: ? - help, Shift-Dir - straight line, f/p - bullfrog
Aim: a bullfrog (severely wounded, 60% to hit)
The zap hits the bullfrog.
The bullfrog is severely wounded.
The bullfrog completely misses you.
Unknown command.
Casting: Shock (safe; 6% risk of failure)
Confirm with . or Enter, or press ? or * to list all spells.
Aiming: Shock (safe; 6% risk of failure)
Press: ? - help, Shift-Dir - straight line, f/p - bullfrog
Aim: a bullfrog (severely wounded, 60% to hit)
The zap hits the bullfrog.
The bullfrog is almost dead.
The bullfrog hits you but does no damage.
The bullfrog barely misses you.
Casting: Shock (safe; 6% risk of failure)
Confirm with . or Enter, or press ? or * to list all spells.
Aiming: Shock (safe; 6% risk of failure)
Press: ? - help, Shift-Dir - straight line, f/p - bullfrog
Aim: a bullfrog (almost dead, 60% to hit)
The zap hits the bullfrog.
You kill the bullfrog!
The steam dragon breathes steam at you. The ball of steam hits you.
You are engulfed in a cloud of scalding steam.
The steam dragon breathes steam at you. The ball of steam hits you!
You die...

.#..#.# #.....# #.# ..#.#.#
#...>.# #.# .###..# #.....#
#.# ..#.#.# #.....#####.####
.#.##.# #.....##<......#
......# ###§####.##.##.#
##.###### ##.## #.#...#.#
#......# #.§D###.##.##.#
#.####.# #.#.§§@....##.###
#.#### #....#..........# ##
#....# ###.#....##..####.# ..
#.##[...............####.##.##
#.####.###..........#........#
##......#
#..>...##.##.##.##.....
..####### #...#####.......#
#### #.# #... ####.#### #<#
#.. #.#


There were no monsters in sight!

Vanquished Creatures
  A bullfrog (D:7)
  A wyvern zombie (D:7)
  A hound (D:5)
  A bullfrog skeleton (D:5)
  A jelly (D:7)
  A centaur skeleton (D:5)
  Natasha (D:3)
  An orc wizard (D:3)
  A scorpion zombie (D:5)
  2 hound skeletons
  A howler monkey zombie (D:6)
  2 gnolls
  3 adders
  2 white imps
  2 worms
  3 dart slugs
  11 orcs
  4 ball pythons
  2 bats
  4 endoplasms
  5 giant cockroaches
  5 hobgoblins
  4 jackals (D:2)
  2 quokkas
  7 frilled lizards
  6 goblins
  8 kobolds
  7 rats
89 creatures vanquished.

Vanquished Creatures (others)
  11 plants (D:2)
11 creatures vanquished.

Grand Total: 100 creatures vanquished

Notes
Turn   | Place    | Note
-------+----------+-------------------------------------------
     0 | D:1      | Acheron the Demigod Wanderer began the quest for the Orb.
     0 | D:1      | Acheron set off with the following items: a +0 club, a
                  | piece from Xom's chessboard (15/15), a +0 leather armour, a
                  | potion of curing; and the following spell memorised: Shock;
                  | and the following spells available to memorise: Corpse Rot,
                  | Static Discharge
     0 | D:1      | Reached XP level 1. HP: 14/14 MP: 4/4
   264 | D:1      | Reached XP level 2. HP: 22/22 MP: 0/5
   459 | D:1      | Reached skill level 4 in Air Magic
   967 | D:2      | Reached XP level 3. HP: 27/27 MP: 0/7
  1067 | D:2      | Got the Almanac of Evil Rites
  1071 | D:2      | Learned a level 2 spell: Static Discharge
  1073 | D:2      | Learned a level 1 spell: Freeze
  1466 | D:2      | Reached skill level 1 in Fighting
  1474 | D:2      | Identified the +3 leather armour of the Flute {rN+++ Str-3
                  | Int+4}
  2126 | D:2      | Reached skill level 1 in Conjurations
  2329 | D:3      | Reached XP level 4. HP: 20/35 MP: 3/8
  2642 | D:3      | Noticed Natasha
  2715 | D:3      | Killed Natasha
  2716 | D:3      | Reached skill level 1 in Armour
  3140 | D:3      | Reached skill level 1 in Short Blades
  3140 | D:3      | Reached skill level 1 in Stealth
  3140 | D:3      | Reached XP level 5. HP: 20/40 MP: 9/9
  3538 | D:3      | Learned a level 1 spell: Animate Skeleton
  3608 | D:5      | Entered Level 5 of the Dungeon
  3944 | D:5      | Got the Disquisition on the Displaced Snowflakes
  4622 | D:5      | Reached XP level 6. HP: 26/48 MP: 5/11
  5041 | D:6      | Learned a level 1 spell: Magic Dart
  5044 | D:6      | Learned a level 2 spell: Searing Ray
  5726 | D:7      | Noticed a steam dragon
  5950 | D:8      | Noticed a steam dragon
  5980 | D:7      | Killed from afar by a steam dragon

Illustrated notes

Levels and vault maps discovered:
D:1:      dpeg_arrival_tiny_a, layout_rooms, serial_glass, glass_columns_c,
          glass_columns_b, hangedman_decor_growths, corner_web_ring,
          minmay_heptomino_o4
D:2:      layout_rooms, ebering_ecumenical_altar_hall, lexackson_kobold_supper
D:3:      layout_basic, cheibrodos_ashenzari_chains,
          nicolae_qazlal_general_emergency, lemuel_crystal_altar,
          grunt_ministairs_10, uniq_grinder, uniq_natasha
D:4:      layout_basic, mainiacjoe_overflow_big_doors, minmay_temple_entry_mist,
          minmay_tree_intersection
D:5:      layout_loops_corners, nicolae_ru_awakened_eye
D:6:      layout_rooms, grunt_dithmenos_smoke_and_mirrors,
          mainiacjoe_overflow_chevrons, kennysheep_vampire_church,
          kennysheep_little_box, mainiacjoe_overflow_24_doors, interstate_on_off
D:7:      layout_loops_cross, grunt_temple_overflow_gold_and_silver
D:8:      layout_cave_pools, minmay_lair_entry_grove, serial_shops, shop,
          uniq_maurice

Skill      XL: |  1  2  3  4  5  6 |
---------------+-------------------+-----
Evocations     | 3 |  3.0
Air Magic      | 4 |  4.3
Fighting       | 1 |  1.9
Conjurations   | 1 |  1.9
Armour         | 1 |  1.6
Short Blades   | 1 |  1.9
Stealth        | 1 |  1.6
Spellcasting   | 2 |  2.1
Throwing       | 2 |  2.0
Dodging        | |  1.9
Necromancy     | |  0.8

Action                   |  1- 3 |  4- 6 || total
-------------------------+-------+-------++-------
Melee: Dagger            |    57 |       ||    57
       Whip              |     2 |       ||     2
       Short sword       |    60 |   154 ||   214
       Punch             |     1 |     5 ||     6
 Cast: Shock             |    87 |    97 ||   184
  Use: Scroll            |     1 |     8 ||     9
 Stab: Sleeping          |       |     1 ||     1
Armor: Leather armour    |    45 |    79 ||   124
Dodge: Dodged            |    86 |   109 ||   195
